 Dungeon Crawl Stone Soup version 0.29-a0-857-g9b1aa3ac5b (webtiles) character file.

Game seed: 5614026621581212748

65 concernfroge the Trooper (level 3, -2/32 HPs)
             Began as a Mummy Monk on July 16, 2022.
             Slain by an ufetubus (4 damage)
             ... on level 5 of the Dungeon.
             The game lasted 00:05:24 (1749 turns).

concernfroge the Trooper (Mummy Monk)               Turns: 1749, Time: 00:05:24

Health: -2/32      AC:  5    Str: 16    XL:     3   Next: 92%
Magic:  3/3        EV: 11    Int:  9    God:
Gold:   91         SH:  0    Dex: 14    Spells: 2/2 levels left

rFire   x . .      SeeInvis .   f - +0 trident
rCold   + . .      Faith    .   (no shield)
rNeg    + + +      Spirit   .   g - +0 ring mail
rPois   ∞          Reflect  .   (no helmet)
rElec   .          Harm     .   (no cloak)
rCorr   .          Rampage  .   (no gloves)
Will    .....                   (no boots)
Stlth   +.........              (no amulet)
HPRegen 0.10/turn               (no ring)
MPRegen 0.08/turn               (no ring)

@: no status effects
A: cold resistance 1, negative energy resistance 3, torment resistance 2, heat
vulnerability 1, in touch with death 1, no potions
a: no special abilities


You were on level 5 of the Dungeon.
You visited 1 branch of the dungeon, and saw 4 of its levels.

You collected 91 gold pieces.

Inventory:

Hand Weapons
 a - a +0 hand axe
 c - a +0 dagger of venom
 f - a +0 trident (weapon)
Missiles
 d - 2 throwing nets (quivered)
 e - 4 javelins
Armour
 g - a +0 ring mail (worn)


   Skills:
 + Level 4.9 Fighting
 - Level 2.4 Axes
 - Level 2.4 Dodging
 - Level 1.5 Stealth


You had 2 spell levels left.
You didn't know any spells.
Your spell library was empty.

Dungeon Overview and Level Annotations

Branches:
Dungeon (5/15)
 Temple: D:4-7

Altars:
Uskayaw


Innate Abilities, Weirdness & Mutations

You are immune to poison.
Your flesh is cold resistant. (rC+)
You are immune to negative energy. (rN+++)
You are immune to unholy pain and torment.
You are vulnerable to heat. (rF-)
You are in touch with the powers of death.
You do not drink.


Message History

An ufetubus comes into view.
As you read the scroll labelled EROOLO HOIDD, it crumbles to dust.
You assume a fearsome visage.
The iguana looks frightened!
It was a scroll of fear.
As you read the scroll labelled NOXKUWK OSINK, it crumbles to dust.
The creatures around you are filled with an inner flame!
It was a scroll of immolation.
The ufetubus attacks as you move away! The ufetubus misses you.
The ufetubus hits you.
* * * LOW HITPOINT WARNING * * *
The ufetubus hits you but does no damage.
The ufetubus barely misses you. The ufetubus attacks as you move away!
The ufetubus hits you.
* * * LOW HITPOINT WARNING * * *
The ufetubus barely misses you.
You aren't carrying any scrolls.
You aren't carrying any items that you can evoke.
The ufetubus hits you but does no damage.
The ufetubus closely misses you. The ufetubus attacks as you move away!
The ufetubus closely misses you. The ufetubus misses you.
An orc and an orc wizard come into view.
The orc shouts!
The orc wizard shouts!
You hear a shout!
The ufetubus barely misses you. x2
An orc priest comes into view. It is wielding a +0 dagger.
The orc priest looks satisfied for a moment.
The ufetubus hits you.
* * * LOW HITPOINT WARNING * * *
The ufetubus hits you but does no damage.
The ufetubus closely misses you. The ufetubus misses you.
The ufetubus hits you but does no damage.
The ufetubus barely misses you. The ufetubus attacks as you move away!
The ufetubus hits you but does no damage.
The ufetubus closely misses you. The ufetubus closely misses you.
The ufetubus hits you but does no damage.
The ufetubus attacks as you move away! The ufetubus barely misses you.
The ufetubus hits you.
You die...

...# #?# .... #.#
.#####... #.# ........#
#.# .......# #.# #
.......#######.# ...
#...!.......###o....
...###.....5s.o.o....$...
#.........@#########.....
..#####†##.# ..# #.##.# #
#<##.# #.)....# .......#
#......... #.#.....## #.
.....#


You could see a scorpion, an orc wizard, an orc and an ufetubus (inner flame).

Vanquished Creatures
  2 adders
  A dart slug (D:2)
  An orc (D:5)
  3 ball pythons (D:1)
  4 bats
  4 endoplasms
  A giant cockroach (D:1)
  3 goblins (D:1)
  4 hobgoblins (D:1)
  7 jackals
  A kobold (D:2)
  2 frilled lizards (D:1)
  5 rats
38 creatures vanquished.

Notes
Turn   | Place    | Note
-------+----------+-------------------------------------------
     0 | D:1      | concernfroge the Mummy Monk began the quest for the Orb.
     0 | D:1      | Reached XP level 1. HP: 18/18 MP: 1/1
   265 | D:1      | Reached XP level 2. HP: 24/24 MP: 2/2
   445 | D:1      | Found a faded altar of an unknown god.
   609 | D:1      | Reached skill level 4 in Fighting
   945 | D:1      | Gained mutation: You are in touch with the powers of death.
                  | [Mummy growth]
   945 | D:1      | Reached XP level 3. HP: 25/30 MP: 3/3
  1695 | D:2      | You fall into a shaft and drop 2 floors!
  1700 | D:4      | Found a hide-covered altar of Uskayaw.
  1706 | D:5      | Entered Level 5 of the Dungeon
  1731 | D:5      | Noticed a scorpion
  1749 | D:5      | Slain by an ufetubus

Illustrated notes

Levels and vault maps discovered:
D:1:      sevenhm_arrival_forest_fort_large_2, layout_basic,
          hellmonk_ecumenical_altar_arch_garden
D:2:      layout_loops_ring, basic_altar, minmay_misc_feat_tiny,
          minmay_pentomino_p4, uniq_natasha
D:4:      minmay_thinvault, layout_basic, nicolae_uskayaw_dance_hall
D:5:      layout_loops_ring, grunt_decor_arrowhead,
          eino_small_chamber_without_monster, hangedman_decor_lopped

Skill      XL: |  1  2 |
---------------+-------+-----
Fighting       | 4 |  4.9
Axes           | |  2.4
Dodging        | |  2.4
Stealth        | |  1.5

Action                   || total
-------------------------++-------
Melee: Dagger            ||    91
       Punch             ||     4
       Hand axe          ||     1
       Trident           ||    36
  Use: Scroll            ||     6
 Stab: Sleeping          ||     2
Armor: Robe              ||    19
       Ring mail         ||    14
Dodge: Dodged            ||    95

Table legend: (Time is in decaauts)
 A = Elapsed time spent in this place.
 B = Non-inter-level travel time spent in this place.
 C = Inter-level travel time spent in this place.
 D = Time resting spent in this place.
 E = Time spent auto-exploring this place.
 F = Levels seen in this place.
 G = Mean time per level.
                   A        B        C        D        E       F      G
               +--------+--------+--------+--------+--------+-----+--------+
         Total |   1755 |   1684 |     71 |    197 |   1198 |   4 |  438.8 |
       Dungeon |   1755 |   1684 |     71 |    197 |   1198 |   4 |  438.8 |
               +--------+--------+--------+--------+--------+-----+--------+

Top non-repeatable levels by time:
     D:1: 1350 daAuts
     D:2: 350 daAuts
     D:5: 44 daAuts
     D:4: 10 daAuts
